 Dungeon Crawl Stone Soup version 0.23.2-1-ga50397a (webtiles) character file.

Game seed: 2950666316883386453

548 Borgoz the Slasher (level 7, 0/61 HPs)
             Began as a Minotaur Monk on May 26, 2019.
             Slain by an orc
             ... wielding a +1 hand axe of chopping
              (1 damage)
             ... on level 5 of the Dungeon.
             The game lasted 00:05:08 (3747 turns).

Borgoz the Slasher (Minotaur Monk)                  Turns: 3747, Time: 00:05:09

Health: 0/61       AC: 13    Str: 18    XL:     7   Next: 7%
Magic:  6/6        EV:  7    Int: 12    God:
Gold:   151        SH:  0    Dex: 14    Spells: 6/6 levels left

rFire    . . .     SeeInvis .   a - +0 falchion
rCold    . . .     Gourm    .   (no shield)
rNeg     . . .     Faith    .   f - +0 plate armour
rPois    .         Spirit   .   (helmet restricted)
rElec    .         Reflect  .   (no cloak)
rCorr    .         Harm     .   (no gloves)
MR       .....     Rnd*Tele +   (no boots)
Stlth    ..........             (no amulet)
HPRegen  0.20/turn              k - ring of teleportation (curse)
MPRegen  0.10/turn              (no ring)

@: brilliant
A: retaliatory headbutt, horns 2, iridescent scales 1, screaming 1, strong 1,
subdued magic 1
a: no special abilities


You were on level 5 of the Dungeon.
You were not hungry.

You visited 1 branch of the dungeon, and saw 5 of its levels.

You collected 151 gold pieces.

Inventory:

Hand Weapons
 a - a +0 falchion (weapon)
Armour
 f - a +0 plate armour (worn)
Jewellery
 k - a cursed ring of teleportation (left hand)
Wands
 o - a wand of paralysis (8)
Scrolls
 b - a scroll of random uselessness {unknown}
 d - 2 scrolls of enchant weapon {unknown}
 e - a scroll of fear {unknown}
 g - 2 scrolls of identify {unknown}
 i - a scroll of amnesia {unknown}
 j - a scroll of enchant armour {unknown}
 l - 2 scrolls of teleportation {unknown}
 p - a scroll of magic mapping {unknown}
Potions
 h - a potion of lignification
 m - a potion of heal wounds {unknown}
 n - 3 potions of brilliance
Comestibles
 c - 8 rations
 q - 3 chunks of flesh


   Skills:
 + Level 5.4 Fighting
 * Level 6.1 Long Blades
 * Level 3.4 Armour
 + Level 4.9 Dodging
 - Level 2.7 Stealth


You had 6 spell levels left.
You didn't know any spells.
Your spell library contained the following spells:

 Spells                   Type           Power        Failure   Level  Hunger
 Confusing Touch          Hex            #.....       69%         1    ##.....
 Confuse                  Hex            #.......     95%         3    ####...
 Gell's Gravitas          Tloc           #.........   95%         3    ####...
 Petrify                  Tmut/Erth      #.......     100%        4    #####..
 Metabolic Englaciation   Hex/Ice        #.........   100%        5    ######.
 Yara's Violent Unravell  Hex/Tmut       #.........   100%        5    ######.


Dungeon Overview and Level Annotations

Branches:
Dungeon (5/15)             Temple (0/1) D:4

Altars:
Elyvilon
Hepliaklqana
Makhleb
Qazlal
Wu Jian
Yredelemnul
Zin
The Shining One

Shops:
D:4 }

Annotations:
D:3 2 runed translucent doors, bmj180's ghost, novice HOAK


Innate Abilities, Weirdness & Mutations

You reflexively headbutt those who attack you in melee.
You have a pair of horns on your head.
You are partially covered in iridescent scales. (AC +2)
You occasionally shout uncontrollably at your foes.
Your muscles are strong. (Str +2)
Your spells are a little easier to cast, but a little less powerful.


Message History

The orc priest invokes the aid of Beogh against you.
Beogh smites you!
* * * LOW HITPOINT WARNING * * *
You hit the orc.
The orc is moderately wounded.
The orc hits you but does no damage.
You barely miss the orc.
The orc is moderately wounded.
The orc hits you but does no damage.
It was a potion of brilliance.
You feel clever all of a sudden.
You feel less wooden.
Your +0 plate armour unmelds from your body.
The orc hits you but does no damage.
It was a potion of mutation.
You feel extremely strange.
Iridescent scales grow over part of your body.
Your connection to magic feels subdued.
You feel the urge to shout.
You feel stronger.
The orc hits you with a +1 hand axe of chopping.
* * * LOW HITPOINT WARNING * * *
You die...

... # ####.# #.
..#.#
#.##.#.#o##
#oo...o†..#
#o.)(o.#
#.###(.# # #
#.o####.####
#.#.#.ooo@.....#
#.#.#.#####.##.#
#............#
#...#.#####..#
#.....#.#
#######.#.#.#
#.....#)#...#
#<#)##..#
#..))[..#


You could see an orc priest and 3 orcs.

Vanquished Creatures
  Eustachio (D:4)
  An ogre (D:5)
  A crimson imp (D:2)
  An orc priest (D:3)
  An orc wizard (D:5)
  Natasha (thrice) (D:2)
  An iguana (D:4)
  A worker ant (D:4)
  2 adders
  2 worms (D:2)
  3 leopard geckos
  8 orcs
  3 giant cockroaches (D:3)
  2 goblins
  4 hobgoblins
  6 jackals
  7 kobolds
  2 quokkas (D:2)
  6 bats
  A leopard gecko skeleton (D:4)
  3 rats
59 creatures vanquished.

Vanquished Creatures (others)
  A hound (D:4)
1 creature vanquished.

Grand Total: 60 creatures vanquished

Notes
Turn   | Place    | Note
-------+----------+-------------------------------------------
     0 | D:1      | Borgoz the Minotaur Monk began the quest for the Orb.
     0 | D:1      | Reached XP level 1. HP: 19/19 MP: 0/0
   102 | D:1      | Reached XP level 2. HP: 11/27 MP: 1/1
   951 | D:2      | Reached skill level 4 in Long Blades
  1088 | D:2      | Noticed a crimson imp
  1089 | D:2      | Reached XP level 3. HP: 27/33 MP: 2/2
  1125 | D:2      | HP: 1/33 [crimson imp (4)]
  1126 | D:2      | Reached XP level 4. HP: 2/41 MP: 3/3
  1602 | D:2      | Found a basalt altar of Yredelemnul.
  1656 | D:2      | Noticed Natasha
  1665 | D:2      | Killed Natasha
  1775 | D:2      | Noticed Natasha
  1782 | D:2      | Killed Natasha
  1788 | D:2      | Noticed Natasha
  1804 | D:2      | Killed Natasha
  1804 | D:2      | Reached XP level 5. HP: 21/47 MP: 4/4
  2334 | D:3      | Reached skill level 5 in Long Blades
  2334 | D:3      | Reached skill level 1 in Armour
  2574 | D:3      | Found a runed translucent door.
  2580 | D:3      | Noticed bmj180's ghost (novice HOAK)
  2612 | D:3      | Found a stormy altar of Qazlal.
  2646 | D:3      | Found a runed translucent door.
  2653 | D:4      | Found a burning altar of Makhleb.
  2653 | D:4      | Noticed Eustachio
  2697 | D:4      | HP: 1/47 [shadow imp/nerve-wracking pain[Eustachio] (7)]
  2699 | D:4      | Killed Eustachio
  2699 | D:4      | Reached skill level 5 in Fighting
  2699 | D:4      | Reached XP level 6. HP: 1/56 MP: 5/5
  3354 | D:4      | Found a staircase to the Ecumenical Temple.
  3444 | D:4      | Found a burning altar of Makhleb.
  3445 | D:4      | Found a hazy altar of Hepliaklqana.
  3447 | D:4      | Found a glowing golden altar of the Shining One.
  3448 | D:4      | Found a glowing silver altar of Zin.
  3449 | D:4      | Found a white marble altar of Elyvilon.
  3450 | D:4      | Found an ornate altar of the Wu Jian Council.
  3571 | D:4      | Found Joiwader's Gadget Shop.
  3677 | D:5      | Entered Level 5 of the Dungeon
  3722 | D:5      | Reached skill level 6 in Long Blades
  3722 | D:5      | Reached XP level 7. HP: 24/61 MP: 6/6
  3743 | D:5      | HP: 2/91 [orc priest/divine providence (14)]
  3747 | D:5      | Gained mutation: You are partially covered in iridescent
                  | scales. (AC +2) [potion of mutation]
  3747 | D:5      | Gained mutation: Your spells are a little easier to cast,
                  | but a little less powerful. [potion of mutation]
  3747 | D:5      | Gained mutation: You occasionally shout uncontrollably at
                  | your foes. [potion of mutation]
  3747 | D:5      | Gained mutation: Your muscles are strong. (Str +2) [potion
                  | of mutation]
  3747 | D:5      | Slain by an orc

Skill      XL: |  1  2  3  4  5  6 |
---------------+-------------------+-----
Long Blades    | 4 5 6 |  6.1
Stealth        | 2 |  2.7
Fighting       | 4 5 |  5.4
Dodging        | 4 |  4.9
Armour         | 2 3 |  3.4

Action                   |  1- 3 |  4- 6 |  7- 9 || total
-------------------------+-------+-------+-------++-------
Melee: Falchion          |    72 |   166 |    15 ||   253
       Headbutt          |     3 |    40 |       ||    43
  Use: Potion            |     2 |     1 |     4 ||     7
 Stab: Sleeping          |     2 |       |       ||     2
  Eat: Chunk             |     1 |     8 |       ||     9
Armor: Robe              |     3 |       |       ||     3
       Skin              |    14 |     6 |     7 ||    27
       Plate armour      |       |   180 |     4 ||   184
Dodge: Dodged            |    28 |    64 |     1 ||    93
Block: Shield            |    22 |    35 |       ||    57
       Rpst.: Falchion   |     6 |    17 |       ||    23
